Match 47180750
Unlisted

Match 47180750
End
Kradschützen Motorcycle Team
Panzergrenadier Squad
Selects Panzerjäger Kommand Battlegroup
Panzergrenadier Squad
Construct Light Support Kompanie
Panzerjäger Squad
Selects Tank Busters
Panzerjäger Squad
2.5-tonne Medical Truck
Fire Support Elements
Selects Blockade Equipment
Flakvierling Half-track
Panzerjäger Mechanized Group
Selects Crew Shock Tactics
Veteran Squad Leaders
Construct Panzerarmee Kommand
Construct Mechanized Kompanie
Marder III Tank Destroyer
Marder III Tank Destroyer
Marder III Tank Destroyer
Trem
welnez
elfen
likewind3
TacticalVanguard
MERCENARYCORPS
Меткић'94
VRRRR
0
0

Comments sign in to comment!

No comments posted yet!